 Dungeon Crawl Stone Soup version 0.30-a0-824-g6c64550be9 (webtiles) character file.

Game seed: 4266498424153228863

110 Nacht the Grave Robber (level 4, -3/30 HPs)
             Began as a Demonspawn Necromancer on Feb 27, 2023.
             Killed by nerve-wracking pain
             ... invoked by an orc priest
              (12 damage)
             ... on level 3 of the Dungeon.
             The game lasted 00:02:01 (1508 turns).

Nacht the Grave Robber (Demonspawn Necromancer)     Turns: 1508, Time: 00:02:02

Health: -3/30      AC:  5    Str:  8    XL:     4   Next: 61%
Magic:  7/7        EV:  9    Int: 18    God:
Gold:   93         SH:  0    Dex: 14    Spells: 6/7 levels left

rFire   . . .      SeeInvis .    f - +0 short sword (freeze)
rCold   . . .      Faith    .    (no shield)
rNeg    . . .      Spirit   .    a - +0 robe
rPois   .          Reflect  .    (helmet restricted)
rElec   .          Harm     .    (no cloak)
rCorr   .          Rampage  .    (no gloves)
Will    .....                    c - +2 pair of boots
Stlth   ++                       (no amulet)
HPRegen 0.25/turn                (no ring)
MPRegen 0.10/turn                (no ring)

@: constricted
A: hooves 1, horns 1, demonic touch 1
a: no special abilities


You were on level 3 of the Dungeon.
You visited 1 branch of the dungeon, and saw 4 of its levels.

You collected 93 gold pieces.

Inventory:

Hand Weapons
 f - a +0 short sword of freezing (weapon)
Armour
 a - a +0 robe (worn)
 c - a +2 pair of boots (worn)
Wands
 i - a wand of flame (9)
Scrolls
 e - 4 scrolls of identify {unknown}
 g - a scroll of vulnerability {unknown}
 j - a scroll of blinking {unknown}
 k - a scroll of enchant weapon {unknown}
 l - a scroll of fear {unknown}
 n - a scroll of teleportation {unknown}
Potions
 b - 2 potions of magic
 d - 2 potions of curing {unknown}
 h - a potion of lignification {unknown}
 m - a potion of attraction {unknown}
 o - a potion of flight {unknown}
 p - a potion of haste {unknown}


   Skills:
 - Level 1.7 Dodging
 - Level 1.7 Stealth
 - Level 2.0 Spellcasting
 + Level 6.7 Necromancy


You had 6 spell levels left.
You knew the following spells:

 Your Spells              Type           Power      Damage    Failure   Level
a - Necrotise             Necr           100%       1d9       1%          1

Your spell library contained the following spells:

 Spells                   Type           Power      Damage    Failure   Level
 Vampiric Draining        Necr           25%        2d7       3%          3
 Animate Dead             Necr           25%        N/A       12%         4
 Agony                    Necr           25%        N/A       32%         5


Dungeon Overview and Level Annotations

Branches:
Dungeon (4/15)
 Temple: D:4-7

Altars:

Annotations:
D:4 3 runed translucent doors, hgbash's ghost, amateur SpEn


Innate Abilities, Weirdness & Mutations

You have large cloven feet.
You have a pair of small horns on your head.
Your touch may inflict minor irresistible damage on your foes.


Message History

You kill the rat!
o - an orange potion
p - an amethyst potion An orc wizard comes into view.
It is wielding a +0 dagger.
An orc wizard is nearby!
An orc wizard is nearby!
An orc wizard is nearby!
An orc priest comes into view. It is wielding a +0 dagger.
The orc priest shouts!
A ball python comes into view.
An orc wizard comes into view. It is wielding a +0 dagger.
An orc comes into view. It is wielding a +0 dagger.
The ball python hisses angrily.
The orc shouts!
The orc wizard shouts!
The orc priest completely misses you.
You hit the orc priest. You freeze the orc priest.
The orc priest is heavily wounded.
The orc priest closely misses you.
You barely miss the orc priest.
You headbutt the orc priest, but do no damage.
The orc priest is heavily wounded.
The ball python barely misses you. The ball python grabs you.
The ball python constricts you.
The orc priest hits you with a +0 dagger.
The orc hits you with a +0 dagger.
The orc wizard points at you and mumbles some strange words.
The magic dart hits you.
You hit the orc priest. You freeze the orc priest.
The orc priest is severely wounded.
The ball python closely misses you. The ball python constricts you.
The orc priest hits you with a +0 dagger.
The orc wizard hits you with a +0 dagger.
The ball python closely misses you. The ball python constricts you.
The orc hits you with a +0 dagger.
The ball python's grasp on you weakens, but your attempt to escape fails.
The ball python bites you.
* * * LOW HITPOINT WARNING * * *
The ball python constricts you.
The orc priest invokes the aid of Beogh against you.
Pain shoots through your body!
You die...

....#.###.####.#.##
.......#.# #.# #.#.##
......#.# #.# #.#...
.....#. #.# #.#.##
...... ##.# #.# # ....#
#..# #.# # ######.#.#
#..# #.#.##
#....oo#.###..# #.#.##
#....o@.......# #.#.##
#....So#.###..# #.#.##
#......#.# #..# #.#...
#......#.###..####.#..#
#......#.##........#..#
########...............
.........##...######..#
########.##...### #...
#.##..........##


You could see an orc priest, 2 orc wizards, an orc and a ball python.

Vanquished Creatures
  A scorpion (D:4)
  A dart slug (D:3)
  3 orcs (D:3)
  2 bats (D:2)
  3 endoplasms
  A giant cockroach (D:1)
  9 goblins
  2 hobgoblins
  2 kobolds (D:3)
  4 quokkas
  4 ball pythons
  A frilled lizard (D:3)
  3 rats
36 creatures vanquished.

Vanquished Creatures (collateral kills)
  A dart slug (D:3)
  An endoplasm (D:1)
  A hobgoblin (D:1)
3 creatures vanquished.

Grand Total: 39 creatures vanquished

Notes
Turn   | Place    | Note
-------+----------+-------------------------------------------
     0 | D:1      | Nacht the Demonspawn Necromancer began the quest for the
                  | Orb.
     0 | D:1      | Reached XP level 1. HP: 13/13 MP: 3/3
   217 | D:1      | Discovered your monstrous ancestry.
   217 | D:1      | Gained mutation: Your touch may inflict minor irresistible
                  | damage on your foes. [demonic ancestry]
   217 | D:1      | Reached XP level 2. HP: 11/19 MP: 0/5
   220 | D:1      | Reached skill level 5 in Necromancy
   744 | D:2      | You fall into a shaft and drop 2 floors!
   779 | D:4      | Noticed hgbash's ghost (amateur SpEn)
   790 | D:4      | Noticed a scorpion
   794 | D:4      | Killed a scorpion
   795 | D:4      | Reached skill level 6 in Necromancy
   795 | D:4      | Gained mutation: You have large cloven feet. [demonic
                  | ancestry]
   795 | D:4      | Reached XP level 3. HP: 24/24 MP: 6/6
   795 | D:4      | Gained mutation: You have a pair of small horns on your
                  | head. [demonic ancestry]
   795 | D:4      | Reached XP level 4. HP: 30/30 MP: 7/7
   796 | D:4      | Found a runed translucent gate.
   796 | D:4      | Found a runed translucent gate.
   797 | D:4      | Found a runed translucent gate.
  1508 | D:3      | Killed from afar by an orc priest

Illustrated notes

Levels and vault maps discovered:
D:1:      dpeg_arrival_triangle_fractal, layout_basic
D:2:      layout_basic
D:3:      layout_basic, dreamdust_ecumenical_altar_angels_and_demons
D:4:      layout_basic, general_overflow_altar, gammafunk_ghost_split,
          kennysheep_generic_room_3

Skill      XL: |  1  2 |
---------------+-------+-----
Necromancy     | 6 |  6.7
Dodging        | |  1.7
Stealth        | |  1.7
Spellcasting   | |  2.0

Action                     |  1- 3 |  4- 6 || total
---------------------------+-------+-------++-------
  Melee: Unarmed           |    22 |       ||    22
         Short sword       |    34 |    19 ||    53
         Touch             |     6 |     2 ||     8
         Headbutt          |       |     4 ||     4
   Cast: Necrotise         |    20 |    14 ||    34
   Stab: Sleeping          |     1 |     1 ||     2
 Armour: Robe              |    20 |     5 ||    25
  Dodge: Dodged            |    62 |    19 ||    81

Table legend: (Time is in decaauts)
 A = Elapsed time spent in this place.
 B = Non-inter-level travel time spent in this place.
 C = Inter-level travel time spent in this place.
 D = Time resting spent in this place.
 E = Time spent auto-exploring this place.
 F = Levels seen in this place.
 G = Mean time per level.
                   A        B        C        D        E       F      G
               +--------+--------+--------+--------+--------+-----+--------+
         Total |   1506 |   1503 |      3 |      0 |   1126 |   4 |  376.5 |
       Dungeon |   1506 |   1503 |      3 |      0 |   1126 |   4 |  376.5 |
               +--------+--------+--------+--------+--------+-----+--------+

Top non-repeatable levels by time:
     D:3: 591 daAuts
     D:1: 576 daAuts
     D:4: 171 daAuts
     D:2: 166 daAuts
